 Dungeon Crawl Stone Soup version 0.31.0-12-g77e489cdc1 (webtiles) character file.

Game seed: 8607018275412324748

76 Killerpretzel the Changeling (level 4, -8/29 HPs)
             Began as an Octopode Shapeshifter on Feb 13, 2024.
             Mangled by an ice beast (9 damage)
             ... on level 3 of the Dungeon.
             The game lasted 00:02:31 (1702 turns).

Killerpretzel the Changeling (OpSh)                 Turns: 1702, Time: 00:02:31

Health: -8/29      AC:  1    Str: 13    XL:     4   Next: 32%
Magic:  4/4        EV: 13    Int: 12    God:
Gold:   94         SH:  0    Dex: 13    Spells: 3/3 levels left

rFire   . .          .
                       - Unarmed
rCold   . . .        (no shield)
rNeg    . . .        (helmet currently unavailable)
rPois   .            (no amulet)
rElec   .            (no ring)
rCorr   .            (no ring)
SInv    .            (no ring)
Will    .....        (no ring)
Stlth   ++           (no ring)
HPRegen 0.24/turn    (no ring)
MPRegen 0.09/turn    (no ring)
                     (no ring)

%: no passive effects
@: beast-form
A: beast (slay +2), almost no armour, amphibious, 8 rings, camouflage 1,
gelatinous body 1, (nimble swimmer 1), tentacles
a: Begin Untransformation


You were on level 3 of the Dungeon.
You were a hulking beast.
You visited 1 branch of the dungeon, and saw 3 of its levels.

You collected 94 gold pieces.

Inventory:

Talismans
 b - a beast talisman
 c - a flux talisman
Scrolls
 f - a scroll of identify
 g - a scroll of teleportation
 h - a scroll of fear {unknown}
 j - a scroll of amnesia {unknown}
 k - a scroll of torment {unknown}
 l - a scroll of enchant weapon {unknown}
Potions
 a - a potion of lignification
 d - a potion of might
 e - a potion of enlightenment {unknown}
 i - 3 potions of curing {unknown}


   Skills:
 + Level 1.9 Fighting
 + Level 2.6 Dodging
 + Level 3.4 Unarmed Combat
 * Level 3.7 Shapeshifting


You had 3 spell levels left.
You didn't know any spells.
Your spell library contained the following spells:

 Spells                   Type           Power      Damage    Failure   Level
 Call Imp                 Summ           0%         N/A       45%         2
 Static Discharge         Conj/Air       0%         3-3/arc   45%         2
 Sublimation of Blood     Necr           0%         N/A       45%         2
 Volatile Blastmotes      Fire/Tloc      0%         2d10      69%         3
 Airstrike                Air            0%         2d(0-16)  97%         4
 Fulminant Prism          Conj/Alch      0%         3d5       97%         4
 Iskenderun's Mystic Bla  Conj/Tloc      0%         2d3       97%         4
 Summon Lightning Spire   Summ/Air       0%         N/A       97%         4
 Summon Hydra             Summ           0%         N/A       100%        7


Dungeon Overview and Level Annotations

Branches:
Dungeon (3/15)

Altars:

Annotations:
D:3 Ijyb


Innate Abilities, Weirdness & Mutations

You are a hulking beast.
Your limbs bulge with bestial killing power. (Slay +2)
You cannot wear most types of armour.
You are amphibious.
You can wear up to eight rings at the same time.
Your skin changes colour to match your surroundings (Stealth+).
Your rubbery body absorbs attacks. (AC +1, EV +1)
((You are camouflaged when in or above water. (Stealth+)))
You have tentacles for arms and can constrict up to eight enemies at once.


Message History

You tentacle-slap the ice beast.
Your tentacle-slap misses the ice beast.
The ice beast is moderately wounded.
The ice beast misses you.
You closely miss the ice beast.
The ice beast is moderately wounded.
You tentacle-slap the ice beast.
The ice beast is moderately wounded.
The ice beast hits you. The ice beast freezes you!
You completely miss the ice beast.
The ice beast is moderately wounded.
The ice beast misses you.
You tentacle-slap the ice beast.
Your tentacle-slap misses the ice beast.
You squeeze the ice beast, but do no damage.
The ice beast is heavily wounded.
The ice beast misses you.
You closely miss the ice beast.
The ice beast is heavily wounded.
The ice beast hits you. The ice beast freezes you.
You tentacle-slap the ice beast but do no damage.
The ice beast is heavily wounded.
The ice beast closely misses you.
You bludgeon the ice beast!
You squeeze the ice beast, but do no damage.
The ice beast is severely wounded.
The ice beast barely misses you.
You tentacle-slap the ice beast.
The ice beast is severely wounded.
The ice beast hits you. The ice beast freezes you!
* * * LOW HITPOINT WARNING * * *
You closely miss the ice beast. Your squeeze misses the ice beast.
The ice beast is severely wounded.
The ice beast closely misses you.
You tentacle-slap the ice beast.
The ice beast is almost dead.
The ice beast hits you.
* * * LOW HITPOINT WARNING * * *
The ice beast freezes you!
You die...

#. #.### #... # #... .#
#.. .# ##..#######.#
#..##.......#
.######...........#
#.#........#....hY##
#.#.####.#.#.!....# #.#
###.#.######## #.#
#....#.#
#.#...####.##########
#.#.................###
....######.#####.....<#
>..........# #......#
.########### #......#


You could see an ice beast.

Vanquished Creatures
  A gnoll (D:1)
  2 adders
  A dart slug (D:1)
  3 bats (D:1)
  An endoplasm (D:1)
  5 giant cockroaches
  4 goblins
  4 hobgoblins
  3 kobolds
  6 quokkas
  5 ball pythons
  6 rats
41 creatures vanquished.

Notes
Turn   | Place    | Note
-------+----------+-------------------------------------------
     0 | D:1      | Killerpretzel the Octopode Shapeshifter began the quest for
                  | the Orb.
     0 | D:1      | Reached XP level 1. HP: 13/13 MP: 1/1
   161 | D:1      | Reached XP level 2. HP: 14/18 MP: 2/2
   324 | D:1      | Reached XP level 3. HP: 15/23 MP: 3/3
   787 | D:2      | Reached XP level 4. HP: 29/29 MP: 4/4
   947 | D:2      | Found a faded altar of an unknown god.
  1349 | D:2      | You fall into a shaft and drop 1 floor!
  1364 | D:3      | Noticed Ijyb
  1682 | D:3      | Noticed an ice beast
  1702 | D:3      | HP: 1/29 [ice beast (5)]
  1702 | D:3      | Mangled by an ice beast

Illustrated notes

Levels and vault maps discovered:
D:1:      minmay_arrival_glassed_features, layout_loops_ring
D:2:      layout_basic, ebering_ecumenical_altar_rust
D:3:      layout_basic, dk_noncrumbling_2, uniq_ijyb

Action                     |  1- 3 |  4- 6 || total
---------------------------+-------+-------++-------
  Melee: Unarmed           |    53 |    32 ||    85
         Constrict         |    19 |     5 ||    24
         Tentacles         |    14 |     4 ||    18
         Punch             |     1 |     1 ||     2
    Use: Scroll            |     3 |       ||     3
   Stab: Sleeping          |     7 |     1 ||     8
 Armour: Skin              |    13 |     9 ||    22
  Dodge: Dodged            |    35 |    18 ||    53
